 Dungeon Crawl Stone Soup version 0.27.1-4-g1640c2035a (webtiles) character file.

Game seed: 15344233958753684464

35 bearlyready the Skirmisher (level 3, -2/37 HPs)
             Began as an Ogre Brigand on Nov 15, 2021.
             Slain by a bullfrog skeleton (5 damage)
             ... on level 6 of the Dungeon.
             The game lasted 00:02:24 (1660 turns).

bearlyready the Skirmisher (Ogre Brigand)           Turns: 1660, Time: 00:02:25

Health: -2/37      AC:  4    Str: 16    XL:     3   Next: 35%
Magic:  3/3        EV:  9    Int: 12    God:
Gold:   88         SH:  0    Dex: 10    Spells: 2/2 levels left

rFire    . . .     SeeInvis .   o - +0 club
rCold    . . .     Faith    .   (no shield)
rNeg     . . .     Spirit   .   b - +0 robe
rPois    .         Reflect  .   (helmet restricted)
rElec    .         Harm     .   c - +0 cloak
rCorr    .         Rampage  .   (gloves unavailable)
Will     .....                  (boots unavailable)
Stlth    ++........             (no amulet)
HPRegen  0.12/turn              f - +4 ring of slaying
MPRegen  0.08/turn              (no ring)

@: attractive
A: large, unfitting armour, tough skin 1
a: no special abilities


You were on level 6 of the Dungeon.
You visited 1 branch of the dungeon, and saw 4 of its levels.

You collected 88 gold pieces.

Inventory:

Hand Weapons
 o - a +0 club (weapon)
Missiles
 a - 26 stones
 d - 8 poisoned darts (quivered)
 e - 2 curare-tipped darts
 g - 6 boomerangs
Armour
 b - a +0 robe (worn)
 c - a +0 cloak (worn)
Jewellery
 f - a +4 ring of slaying (left hand)
Scrolls
 h - a scroll of torment {unknown}
 i - a scroll of identify {unknown}
 j - a scroll of vulnerability {unknown}
 k - a scroll of acquirement {unknown}
 l - a scroll of blinking {unknown}
 m - a scroll of teleportation {unknown}
 n - a scroll of enchant weapon {unknown}


   Skills:
 - Level 3.4 Fighting
 - Level 1.7 Short Blades
 + Level 0.7 Maces & Flails
 - Level 3.0 Throwing
 - Level 0.8 Dodging
 - Level 3.0 Stealth


You had 2 spell levels left.
You didn't know any spells.
Your spell library contained the following spells:

 Spells                   Type           Power      Damage    Failure   Level
 Apportation              Tloc           0%         N/A       32%         1
 Call Canine Familiar     Summ           0%         N/A       69%         3
 Portal Projectile        Hex/Tloc       0%         N/A       69%         3
 Leda's Liquefaction      Hex/Erth       0%         N/A       97%         4


Dungeon Overview and Level Annotations

Branches:
Dungeon (3/15)

Altars:


Innate Abilities, Weirdness & Mutations

You are too large for most types of armour.
You have tough skin. (AC +1)


Message History

The bullfrog skeleton hits you but does no damage.
The bullfrog skeleton hits you.
You hit the bullfrog skeleton.
The bullfrog skeleton is moderately damaged.
The bullfrog skeleton hits you.
You hit the bullfrog skeleton.
The bullfrog skeleton is heavily damaged.
The bullfrog skeleton barely misses you.
The bullfrog skeleton hits you.
It was a potion of cancellation.
You feel magically purged.
The bullfrog skeleton closely misses you.
It was a potion of attraction.
You feel attractive to monsters.
The bullfrog skeleton closely misses you.
The bullfrog skeleton barely misses you.
You hit the bullfrog skeleton.
The bullfrog skeleton is severely damaged.
The bullfrog skeleton hits you.
* * * LOW HITPOINT WARNING * * *
You hit the bullfrog skeleton but do no damage.
The bullfrog skeleton is severely damaged.
The bullfrog skeleton barely misses you. x2
You aren't carrying any items that you can evoke.
Unknown command.
f - a +4 ring of slaying (left hand)
You hit the bullfrog skeleton.
The bullfrog skeleton is almost destroyed.
The bullfrog skeleton hits you.
* * * LOW HITPOINT WARNING * * *
The bullfrog skeleton hits you.
* * * LOW HITPOINT WARNING * * *
You barely miss the bullfrog skeleton.
The bullfrog skeleton is almost destroyed.
The bullfrog skeleton closely misses you.
The bullfrog skeleton hits you.
* * * LOW HITPOINT WARNING * * *
You hit the bullfrog skeleton.
The bullfrog skeleton is almost destroyed.
The bullfrog skeleton hits you.
You die...

#.$.......#
#.........#
#.........#
#.........# .
#..[......#.#
#...........#
#.Z.......#
#..@......#
#.........#
##.......##
##.....##
#######


You could see a bullfrog skeleton.

Vanquished Creatures
  An adder (D:2)
  A worm (D:2)
  A dart slug (D:1)
  A ball python (D:1)
  2 bats
  2 endoplasms
  A giant cockroach (D:1)
  A goblin (D:2)
  3 hobgoblins
  4 kobolds
  2 frilled lizards
19 creatures vanquished.

Notes
Turn   | Place    | Note
-------+----------+-------------------------------------------
     0 | D:1      | bearlyready the Ogre Brigand began the quest for the Orb.
     0 | D:1      | Reached XP level 1. HP: 22/22 MP: 1/1
   178 | D:1      | Reached XP level 2. HP: 28/29 MP: 2/2
   765 | D:2      | Reached XP level 3. HP: 32/37 MP: 3/3
   827 | D:2      | Found a faded altar of an unknown god.
   840 | D:2      | Got Plato's Papyrus of Displacement
  1646 | D:3      | You fall into a shaft and drop 3 floors!
  1660 | D:6      | Slain by a bullfrog skeleton

Illustrated notes

Levels and vault maps discovered:
D:1:      minmay_arrival_widening_spiral_wide, layout_basic,
          wander_ebering_terrifying_dragon_lair
D:2:      layout_basic, shapermc_ecumenical_altar_rom_forum
D:3:      layout_loops_corners, mainiacjoe_overflow_boulevard
D:6:      kennysheep_steamy, layout_rooms, mainiacjoe_overflow_alcove_4,
          uniq_sigmund, uniq_maggie, uniq_blork_the_orc

Skill      XL: |  1  2 |
---------------+-------+-----
Stealth        | 3 |  3.0
Throwing       | 3 |  3.0
Fighting       | 3 |  3.4
Short Blades   | |  1.7
Maces & Flails | |  0.7
Dodging        | |  0.8

Action                   || total
-------------------------++-------
Melee: Dagger            ||    41
       Club              ||    41
Throw: Dart              ||    11
  Use: Potion            ||     2
 Stab: Sleeping          ||     8
Armor: Robe              ||    17
Dodge: Dodged            ||    44
